 Dungeon Crawl Stone Soup version 0.19.1-1-g22dce08 (webtiles) character file.

18943 Gargoyl the Fighter (level 12, -1/112 HPs)
             Began as a Ghoul Abyssal Knight on Jan 20, 2017.
             Was the Champion of Lugonu.
             Slain by a wyvern (3 damage)
             ... on level 4 of the Lair of Beasts.
             The game lasted 00:25:46 (10863 turns).

Gargoyl the Fighter (Ghoul Abyssal Knight)         Turns: 10863, Time: 00:25:47

Health: -1/112     AC: 25    Str: 19    XL:     12   Next: 63%
Magic:  25/26      EV: 11    Int:  7    God:    Lugonu [******]
Gold:   731        SH:  0    Dex: 10    Spells: 0 memorised, 11 levels left

rFire  . . .     SeeInvis .     G - +4 battleaxe (flame)
rCold  + . .     Gourm    .     y - +0 pearl dragon scales
rNeg   + + +     Faith    .     (shield currently unavailable)
rPois  ∞         Spirit   .     z - +1 helmet
rElec  .         Reflect  .     w - +0 cloak
rCorr  .         Harm     .     l - +2 pair of gloves
MR     .....                    q - +0 pair of boots
Stlth  ..........               (no amulet)
                                C - +3 ring of protection
                                p - ring of magical power

@: about to teleport, very slightly contaminated, rotting
A: rotting body, claws 1, carnivore 3, cold resistance 1, negative energy
resistance 3, slow regeneration 1, torment resistance, unbreathing
a: Depart the Abyss, Bend Space, Banish, Corrupt, Enter the Abyss, Brand Weapon
With Distortion, Renounce Religion


You were on level 4 of the Lair of Beasts.
You worshipped Lugonu.
Lugonu was exalted by your worship.
You were not hungry.

You visited 2 branches of the dungeon, and saw 13 of its levels.
You visited the Abyss 1 time.

You collected 731 gold pieces.

Inventory:

Hand Weapons
 a - a +2 hand axe
 D - a +0 flail of draining
 G - a +4 battleaxe of flaming (weapon)
 N - a +4 battleaxe of protection
 R - a +1 war axe of electrocution
Missiles
 X - 6 javelins (quivered)
Armour
 l - a +2 pair of gloves (worn)
 q - a +0 pair of boots (worn)
 w - a +0 cloak (worn)
 y - +0 pearl dragon scales (worn)
 z - a +1 helmet (worn)
Jewellery
 p - a ring of magical power (left hand)
 C - a +3 ring of protection (right hand)
 I - a cursed ring of loudness {unknown}
 U - an uncursed ring of resist corrosion {unknown}
Wands
 e - a wand of acid (0/15)
 g - a wand of hasting (1/9)
 t - a wand of iceblast (8/15)
 B - a wand of iceblast (11/15)
 K - a wand of random effects (14/48)
 O - a wand of disintegration (8/24)
 Q - a wand of random effects (23/48)
 V - a wand of acid (6/15)
 W - a wand of lightning (7/15)
Scrolls
 b - 10 scrolls of identify
 i - 4 scrolls of fear
 j - a scroll of recharging
 n - 3 scrolls of remove curse
 o - 5 scrolls of magic mapping
 v - a scroll of teleportation
 A - 2 scrolls of fog
 L - 3 scrolls of amnesia
Potions
 d - 6 potions of curing
 h - a potion of ambrosia
 r - a potion of invisibility
 s - 4 potions of degeneration {unknown}
 u - 2 potions of brilliance
 F - a potion of might
 J - a potion of magic
 P - a potion of resistance {unknown}
 S - a potion of haste {unknown}
 T - 2 potions of flight
Books
 x - a book of Cantrips

   Spells                             Type                      Level
   a - Confusing Touch                Hexes                        1
   b - Animate Skeleton               Necromancy                   1
   c - Summon Small Mammal            Summoning                    1
   d - Apportation                    Translocation                1
 H - a book of Debilitation

   Spells                             Type                      Level
   a - Corona                         Hexes                        1
   b - Slow                           Hexes                        2
   c - Gell's Gravitas                Hexes/Translocation          3
   d - Inner Flame                    Hexes/Fire                   3
   e - Cause Fear                     Hexes                        4
   f - Leda's Liquefaction            Hexes/Earth                  4
 M - a book of Geomancy

   Spells                             Type                      Level
   a - Sandblast                      Earth                        1
   b - Passwall                       Transmutation/Earth          2
   c - Stone Arrow                    Conjuration/Earth            3
   d - Petrify                        Transmutation/Earth          4
   e - Lee's Rapid Deconstruction     Earth                        5
Comestibles
 c - 7 meat rations
 f - 9 royal jellies
 k - a slice of pizza
 m - a beef jerky


   Skills:
 + Level 11.9 Fighting
 + Level 10.6(10.7) Axes
 + Level 1.7(7.0) Maces & Flails
 + Level 1.0 Throwing
 * Level 8.5 Armour
 + Level 4.4 Dodging
 * Level 8.9 Invocations
 + Level 2.3 Evocations


You had 11 spell levels left.
You didn't know any spells.

Dungeon Overview and Level Annotations

Branches:
Dungeon (9/15)             Temple (0/1) D:5            Lair (3/6) D:9
 Shoals (0/4) Lair:3       Spider (0/4) Lair:3          Orc (0/2) D:9

Altars:
Dithmenos
Gozag
Nemelex Xobeh
Ru
Sif Muna
Xom
The Shining One


Innate Abilities, Weirdness & Mutations

Your body is rotting away.
You thrive on raw meat.
You are immune to poison.
You have sharp fingernails.
You are carnivorous and can eat meat at any time.
Your flesh is cold resistant. (rC+)
You are immune to negative energy. (rN+++)
You regenerate slowly when monsters are visible.
You are immune to unholy pain and torment.
You can survive without breathing.


Message History

The six-headed hydra bites you but does no damage. x2
The six-headed hydra bites you!
* * * LOW HITPOINT WARNING * * *
Okay, then.
Space bends around you!
You blink.
* * * LOW HITPOINT WARNING * * *
The wyvern barely misses you.
The wyvern bites you but does no damage.
The hippogriff barely misses you.
The hippogriff pecks you but does no damage.
The hippogriff claws you but does no damage.
Found 18 gold pieces.
As you read the scroll of teleportation, it crumbles to dust.
You feel strangely unstable. The wyvern bites you!
* * * LOW HITPOINT WARNING * * *
The rime drake barely misses you.
The hippogriff bites you but does no damage.
The hippogriff pecks you but does no damage.
The hippogriff closely misses you. The wyvern bites you.
You die...

##....# #
##....##
#..###.#
#...##†#
##+llDl#####
...HH.kk...#
....kllHH..#


...l.klHkl# $....ll@H+ .........# ..#..P#### ...... ###.# #.. #P. #. You could
see a six-headed hydra, 6 hippogriffs, a basilisk, 5 rime drakes and 9 wyverns.

Vanquished Creatures
  A tentacled starspawn (Abyss:2)
  Gastronok (Lair:1)
  Snorg (Lair:4)
  Urug (Lair:3)
  A large abomination (Abyss:3)
  2 black mambas (Lair:3)
  3 spiny frogs
  A rime drake (Lair:4)
  3 komodo dragons
  A queen bee (D:8)
  A jumping spider (Lair:3)
  A troll (D:9)
  7 hippogriffs
  A blink frog (Lair:2)
  A ynoxinul (Abyss:2)
  7 yaks
  A wyvern (D:8)
  Grum (D:9)
  A porcupine (Lair:4)
  5 water moccasins
  7 orc warriors
  2 phantoms
  A sky beast (D:8)
  A black bear (D:9)
  2 necrophages
  2 ogres
  3 ice beasts
  7 centaurs
  11 wolves
  5 crocodiles
  A big kobold (D:9)
  8 bullfrogs
  A gnoll sergeant (D:6)
  A small abomination (Abyss:2)
  A scorpion (D:7)
  19 killer bees
  13 wights
  A howler monkey (D:4)
  An electric eel (D:9)
  6 crimson imps
  8 hounds
  3 jellies
  9 orc priests
  6 orc wizards
  An iron imp (Abyss:2)
  2 iguanas
  9 worker ants
  3 hound skeletons
  Robin (D:3)
  9 gnolls
  A howler monkey skeleton (D:9)
  8 adders
  3 shadow imps
  An ooze (D:4)
  A worm (D:4)
  A dart slug (D:4)
  7 leopard geckos
  38 orcs
  8 bats
  5 giant cockroaches
  15 goblins
  12 hobgoblins
  7 jackals
  4 quokkas
  3 ball pythons
  4 frilled lizards
  12 kobolds
  A leopard gecko skeleton (D:5)
  10 rats
  A bush (D:8)
  3 fungi (Lair:2)
  A starspawn tentacle (Abyss:2)
331 creatures vanquished.

Vanquished Creatures (others)
  2 electric eels (D:9)
  An orc wizard (D:9)
  A jackal (D:9)
  2 starspawn tentacles (Abyss:2)
6 creatures vanquished.

Grand Total: 337 creatures vanquished

Notes
Turn   | Place    | Note
-------+----------+-------------------------------------------
     0 | Abyss:1  | Gargoyl the Ghoul Abyssal Knight began the quest for the Orb.
     0 | Abyss:1  | Reached XP level 1. HP: 19/19 MP: 1/1
    59 | Abyss:2  | Found a corrupted altar of Lugonu.
   152 | Abyss:2  | Noticed a ynoxinul
   154 | Abyss:2  | Killed a ynoxinul
   154 | Abyss:2  | Reached skill level 5 in Fighting
   154 | Abyss:2  | Reached skill level 1 in Dodging
   154 | Abyss:2  | Reached XP level 2. HP: 29/29 MP: 2/2
   154 | Abyss:2  | Reached XP level 3. HP: 36/36 MP: 3/3
   154 | Abyss:2  | Reached XP level 4. HP: 42/42 MP: 4/4
   154 | Abyss:2  | Reached XP level 5. HP: 48/48 MP: 5/5
   184 | Abyss:2  | Noticed a tentacled starspawn
   189 | Abyss:2  | Killed a tentacled starspawn
   189 | Abyss:2  | Reached skill level 9 in Fighting
   189 | Abyss:2  | Reached XP level 6. HP: 63/66 MP: 5/8
   189 | Abyss:2  | Reached XP level 7. HP: 68/71 MP: 5/9
   189 | Abyss:2  | Reached XP level 8. HP: 76/79 MP: 5/10
   189 | Abyss:2  | Reached XP level 9. HP: 82/85 MP: 5/11
   205 | Abyss:2  | Noticed a large abomination
   244 | Abyss:3  | Noticed a large abomination
   250 | Abyss:3  | Killed a large abomination
   250 | Abyss:3  | Reached skill level 10 in Fighting
   255 | Abyss:3  | Noticed a deep elf mage
   257 | D:1      | Escaped the Abyss
   466 | D:1      | Reached * piety under Lugonu
  1106 | D:2      | Found a glowing golden altar of the Shining One.
  1444 | D:2      | Found a sparkling altar of Nemelex Xobeh.
  1445 | D:2      | Found a shimmering altar of Xom.
  1606 | D:3      | Found a faded altar of an unknown god.
  1622 | D:3      | Reached ** piety under Lugonu
  1778 | D:3      | Noticed Robin
  1808 | D:3      | Killed Robin
  3125 | D:4      | Reached skill level 5 in Axes
  3136 | D:4      | Reached *** piety under Lugonu
  3329 | D:5      | Entered Level 5 of the Dungeon
  3763 | D:5      | Found a staircase to the Ecumenical Temple.
  4361 | D:6      | Reached skill level 5 in Armour
  4691 | D:6      | Reached skill level 5 in Invocations
  4751 | D:6      | Reached XP level 10. HP: 94/94 MP: 12/12
  4854 | D:6      | Reached **** piety under Lugonu
  4854 | D:6      | Reached skill level 1 in Maces & Flails
  4871 | D:6      | Found a deep blue altar of Sif Muna.
  5409 | D:7      | Found a shadowy altar of Dithmenos.
  5621 | D:7      | Found a sacrificial altar of Ru.
  6561 | D:8      | Reached ***** piety under Lugonu
  6695 | D:8      | Found a faded altar of an unknown god.
  6695 | D:8      | Found a faded altar of an unknown god.
  6701 | D:8      | Found an opulent altar of Gozag.
  6703 | D:8      | Found a faded altar of an unknown god.
  6705 | D:8      | Found a faded altar of an unknown god.
  7140 | D:8      | Reached XP level 11. HP: 90/101 MP: 14/14
  7199 | D:8      | Reached skill level 11 in Fighting
  7905 | D:9      | Found a staircase to the Lair.
  7960 | D:9      | Noticed Grum
  7990 | D:9      | Killed Grum
  8268 | D:9      | Found a staircase to the Orcish Mines.
  8377 | Lair:1   | Entered Level 1 of the Lair of Beasts
  8609 | Lair:1   | Noticed Gastronok
  8629 | Lair:1   | Killed Gastronok
  9223 | Lair:2   | Reached XP level 12. HP: 110/110 MP: 17/17
  9485 | Lair:2   | Reached ****** piety under Lugonu
 10007 | Lair:3   | Reached skill level 10 in Axes
 10068 | Lair:3   | Noticed Urug
 10080 | Lair:3   | Killed Urug
 10319 | Lair:3   | Found a hole to the Spider Nest.
 10699 | Lair:3   | Found a staircase to the Shoals.
 10751 | Lair:3   | You fall through a shaft!
 10779 | Lair:4   | Noticed Snorg
 10821 | Lair:4   | Killed Snorg
 10839 | Lair:4   | Noticed an eight-headed hydra
 10855 | Lair:4   | Reached skill level 1 in Throwing
 10863 | Lair:4   | HP: 2/112 [wyvern (8)]
 10863 | Lair:4   | Slain by a wyvern

Skill      XL: |  1  2  3  4  5  6  7  8  9 10 11 12 |
---------------+-------------------------------------+-----
Fighting       | 5 9 10 11 | 11.9
Axes           | 2 4 5 7 9 10 | 10.6
Armour         | 2 4 5 6 7 8 |  8.5
Dodging        | 1 2 3 4 |  4.4
Invocations    | 4 5 6 8 |  8.9
Evocations     | 2 |  2.3
Maces & Flails | 1 |  1.7
Throwing       | 1 |  1.0

Action                   |  1- 3 |  4- 6 |  7- 9 | 10-12 || total
-------------------------+-------+-------+-------+-------++-------
Melee: Hand axe          |       |       |   407 |       ||   407
       Flail             |       |       |    21 |    80 ||   101
       Battleaxe         |       |       |       |   500 ||   500
       War axe           |       |       |       |   198 ||   198
Throw: Javelin           |       |       |       |    12 ||    12
Invok: Depart the Abyss  |       |       |     1 |       ||     1
       Banish            |       |       |       |     2 ||     2
       Bend Space        |       |       |       |     1 ||     1
Evoke: Wand              |     2 |     7 |     9 |     1 ||    19
  Use: Scroll            |     4 |       |    11 |    10 ||    25
       Potion            |       |       |     7 |     5 ||    12
  Eat: Chunk             |       |       |    36 |   112 ||   148
       Meat ration       |       |       |       |     2 ||     2
Armor: Chain mail        |       |       |   117 |       ||   117
       Pearl dragon scal |       |       |   111 |   744 ||   855
       Leather armour    |       |       |    21 |       ||    21
       Ring mail         |       |       |    20 |       ||    20
Dodge: Dodged            |       |       |   241 |   566 ||   807
